 Dungeon Crawl Stone Soup version 0.30-a0-172-gc5509c9e31 (webtiles) character file.

Game seed: 350019007664579447

178 qw the Chopper (level 5, -8/32 HPs)
             Began as a Gargoyle Fighter on Oct 1, 2022.
             Mangled by an ice beast (13 damage)
             ... on level 3 of the Dungeon.
             The game lasted 00:00:58 (2020 turns).

qw the Chopper (Gargoyle Fighter)                   Turns: 2020, Time: 00:00:59

Health: -8/32      AC: 13    Str: 21    XL:     5   Next: 58%
Magic:  5/5        EV:  7    Int:  9    God:
Gold:   112        SH:  4    Dex:  9    Spells: 4/4 levels left

rFire   . . .      SeeInvis .    Y - +0 war axe
rCold   . . .      Faith    .    c - +0 buckler
rNeg    + . .      Spirit   .    l - +0 chain mail
rPois   inf        Reflect  .    (no helmet)
rElec   +          Harm     .    (no cloak)
rCorr   .          Rampage  .    (no gloves)
Will    .....                    (no boots)
Stlth   ..........               (no amulet)
HPRegen 0.25/turn                (no ring)
MPRegen 0.09/turn                (no ring)

@: no status effects
A: sickness immunity, AC +4, negative energy resistance 1, electricity
resistance, torment resistance 1, petrification resistance
a: no special abilities


You were on level 3 of the Dungeon.
You visited 1 branch of the dungeon, and saw 3 of its levels.

You collected 112 gold pieces.


Innate Abilities, Weirdness & Mutations

You are immune to sickness and miasma.
Your stone body is resilient. (AC +4)
You are immune to poison.
You resist negative energy. (rN+)
You are resistant to electric shocks. (rElec)
You are resistant to unholy torment.
You are immune to petrification.


   Skills:
 + Level 3.6 Fighting
 - Level 5.0 Axes
 - Level 3.2 Armour
 - Level 3.2 Shields


You had 4 spell levels left.
You didn't know any spells.
Your spell library was empty.

Inventory:

Hand Weapons
 n - a +0 whip of pain
 Y - a +0 war axe (weapon)
Missiles
 k - 7 boomerangs (quivered)
Armour
 a - a +0 pair of gloves
 c - a +0 buckler (worn)
 l - a +0 chain mail (worn)
Scrolls
 b - a scroll of poison {unknown}
 j - a scroll of identify {unknown}
Potions
 d - 2 potions of might
 e - a potion of magic {unknown}
 f - a potion of berserk rage {unknown}
 g - a potion of haste {unknown}
 h - a potion of ambrosia {unknown}
 i - a potion of resistance {unknown}
 o - a potion of degeneration {unknown}

Dungeon Overview and Level Annotations

Branches:
Dungeon (3/15)

Altars:

Shops:
D:2 =

Annotations:
D:1 1 transporter


Message History

You block the ice beast's attack. The ice beast hits you.
The ice beast freezes you.
You hit the ice beast.
The ice beast is lightly wounded.
The ice beast hits you but does no damage.
You slash the ice beast!
The ice beast is moderately wounded.
The ice beast hits you but does no damage.
You closely miss the ice beast.
The ice beast is moderately wounded.
The ice beast barely misses you. x2
You hit the ice beast but do no damage.
The ice beast is moderately wounded.
The ice beast hits you. The ice beast freezes you!
You barely miss the ice beast.
The ice beast is moderately wounded.
You block the ice beast's attack.
You hit the ice beast.
The ice beast is moderately wounded.
The ice beast barely misses you.
You closely miss the ice beast.
The ice beast is moderately wounded.
The ice beast barely misses you. The ice beast hits you.
The ice beast freezes you.
You barely miss the ice beast.
The ice beast is moderately wounded.
The ice beast hits you but does no damage.
You closely miss the ice beast.
The ice beast is moderately wounded.
The ice beast hits you but does no damage.
You hit the ice beast but do no damage.
The ice beast is moderately wounded.
You block the ice beast's attack.
You barely miss the ice beast.
The ice beast is moderately wounded.
The ice beast hits you but does no damage. x2
You closely miss the ice beast.
The ice beast is moderately wounded.
The ice beast hits you. The ice beast freezes you!
You die...

#......... #.........
############.........
#....................
#............########
#####............#
.................#
.................#
................@#
.................Y......
.........###############
.........# #..
.........# ###..
########... #.... ##.
#.#.# #.#.. # #.#.#


You could see an ice beast.

Vanquished Creatures
  Natasha (thrice) (D:2)
  3 adders (D:2)
  3 worms (D:2)
  4 dart slugs
  An orc (D:3)
  8 ball pythons
  4 bats
  2 endoplasms (D:2)
  2 giant cockroaches
  8 hobgoblins
  A quokka (D:3)
  2 frilled lizards
  3 goblins
  10 kobolds
  8 rats
62 creatures vanquished.

Notes
Turn   | Place    | Note
-------+----------+-------------------------------------------
     0 | D:1      | qw the Gargoyle Fighter began the quest for the Orb.
     0 | D:1      | Reached XP level 1. HP: 14/14 MP: 1/1
     0 | D:1      | 0 ||| qw: Version: 0.2-a-13-gfc7b4b4
     0 | D:1      | 0 ||| qw: Game counter: 1807
     0 | D:1      | 0 ||| qw: Always use a shield: true
     0 | D:1      | 0 ||| qw: God list: Okawaru
     0 | D:1      | 0 ||| qw: Allow faded altars: false
     0 | D:1      | 0 ||| qw: Do Orc after D:15 true
     0 | D:1      | 0 ||| qw: Do second Lair branch before Depths: true
     0 | D:1      | 0 ||| qw: Lair rune preference: random
     0 | D:1      | 0 ||| qw: Plans: Normal, Zot:1-4, God:TSO, Crypt, Tomb,
                  | Pan, Slime:5, Hells, Abyss, Orb
     0 | D:1      | 0 ||| PLANNING D:1-11
    50 | D:1      | 50 ||| Stepping ~*~*~tactically~*~*~ (stealth).
    59 | D:1      | Reached skill level 2 in Axes
    62 | D:1      | 62 ||| Stepping ~*~*~tactically~*~*~ (stealth).
   118 | D:1      | Reached XP level 2. HP: 19/19 MP: 2/2
   154 | D:1      | 154 ||| Stepping ~*~*~tactically~*~*~ (stealth).
   160 | D:1      | 160 ||| Stepping ~*~*~tactically~*~*~ (stealth).
   266 | D:1      | Found a faded altar of an unknown god.
   380 | D:1      | 380 ||| Stepping ~*~*~tactically~*~*~ (stealth).
   596 | D:1      | 596 ||| Stepping ~*~*~tactically~*~*~ (stealth).
   607 | D:1      | Reached skill level 3 in Axes
   608 | D:1      | Reached XP level 3. HP: 23/23 MP: 3/3
   610 | D:1      | 610 ||| DROPPING +0 club.
   676 | D:1      | 676 ||| READING scroll labelled GEDULY USERIHA.
   677 | D:1      | 677 ||| READING scroll labelled PUGGEI UTEREI.
   681 | D:1      | 681 ||| READING scroll labelled ZOITORIKHLE.
   682 | D:1      | 682 ||| DRINKING 2 smoky ruby potions.
   683 | D:1      | 683 ||| DRINKING 2 clear potions.
   684 | D:1      | 684 ||| DROPPING potion of invisibility.
   699 | D:2      | 699 ||| Stepping ~*~*~tactically~*~*~ (stealth).
   759 | D:2      | Noticed Natasha
   760 | D:2      | 760 ||| Stepping ~*~*~tactically~*~*~ (stealth).
   777 | D:2      | 777 ||| Stepping ~*~*~tactically~*~*~ (hiding).
   780 | D:2      | Killed Natasha
   781 | D:2      | Reached skill level 4 in Axes
   781 | D:2      | Reached XP level 4. HP: 28/28 MP: 4/4
   908 | D:2      | Found Teraiw's Jewellery Shop.
   917 | D:2      | 917 ||| SHOPLISTING amulet of the acrobat (300 gold, have
                  | 51).
   917 | D:2      | 917 ||| SHOPLISTING ring of ice (250 gold, have 51).
   917 | D:2      | 917 ||| SHOPLISTING ring of resist corrosion (200 gold,
                  | have 51).
   917 | D:2      | 917 ||| SHOPLISTING ring of willpower (250 gold, have 51).
   983 | D:2      | 983 ||| Stepping ~*~*~tactically~*~*~ (hiding).
  1110 | D:2      | 1110 ||| DROPPING +0 whip.
  1157 | D:2      | 1157 ||| Stepping ~*~*~tactically~*~*~ (stealth).
  1263 | D:2      | Noticed Natasha
  1263 | D:2      | HP: 6/28 [Natasha/bolt of dispelling energy (22)]
  1264 | D:2      | 1264 ||| Stepping ~*~*~tactically~*~*~ (hiding).
  1265 | D:2      | 1265 ||| Stepping ~*~*~tactically~*~*~ (hiding).
  1268 | D:2      | 1268 ||| DRINKING potion of heal wounds.
  1278 | D:2      | Killed Natasha
  1344 | D:2      | Noticed Natasha
  1345 | D:2      | 1345 ||| Stepping ~*~*~tactically~*~*~ (hiding).
  1352 | D:2      | Killed Natasha
  1353 | D:2      | Reached XP level 5. HP: 13/32 MP: 5/5
  1492 | D:2      | Reached skill level 5 in Axes
  1550 | D:2      | 1550 ||| UPGRADING to +0 chain mail.
  1560 | D:2      | 1560 ||| DROPPING +0 scale mail.
  1561 | D:2      | 1561 ||| DROPPING +0 scale mail of willpower.
  1562 | D:2      | 1562 ||| READING scroll labelled QUQUEDUPAO.
  1563 | D:2      | 1563 ||| DRINKING 2 smoky red potions.
  1564 | D:2      | 1564 ||| DROPPING potion of flight.
  1611 | D:3      | 1611 ||| Stepping ~*~*~tactically~*~*~ (stealth).
  1613 | D:3      | 1613 ||| Stepping ~*~*~tactically~*~*~ (stealth).
  1680 | D:3      | 1680 ||| Stepping ~*~*~tactically~*~*~ (hiding).
  1685 | D:3      | 1685 ||| Stepping ~*~*~tactically~*~*~ (hiding).
  1800 | D:3      | 1800 ||| Stepping ~*~*~tactically~*~*~ (stealth).
  2004 | D:3      | Noticed an ice beast
  2015 | D:3      | HP: 5/32 [ice beast (6)]
  2020 | D:3      | HP: 5/32 [ice beast (1)]
  2020 | D:3      | Mangled by an ice beast

Levels and vault maps discovered:
D:1:      spicycebolla_arrival_risky_transporter, layout_loops_ring,
          serial_glass, glass_columns_a, glass_columns_a,
          dreamdust_ecumenical_altar_statues
D:2:      layout_rooms, serial_shops, nicolae_lakefront_shop,
          minmay_pentomino_z4, uniq_natasha
D:3:      layout_basic, mainiacjoe_overflow_alcove_2

Skill      XL: |  1  2  3  4  5 |
---------------+----------------+-----
Axes           | 2 3 4 5 |  5.0
Fighting       | |  3.6
Armour         | |  3.2
Shields        | |  3.2

Action                   |  1- 3 |  4- 6 || total
-------------------------+-------+-------++-------
Melee: War axe           |    95 |   106 ||   201
Throw: Boomerang         |       |    20 ||    20
  Use: Scroll            |     3 |     1 ||     4
       Potion            |     2 |     2 ||     4
Armor: Scale mail        |    59 |    26 ||    85
       Chain mail        |       |    23 ||    23
Dodge: Dodged            |    50 |    35 ||    85
Block: Buckler           |    26 |    17 ||    43

Table legend:
 A = Non-vault XP
 B = Vault XP
 C = Vault XP percentage of total XP
 D = Non-vault monster count
 E = Vault monster count
 F = Vault count percentage of total count
                 A         B        C        D         E       F
            +---------+---------+-------+---------+---------+-------
      Total |     190 |      65 |  25.5 |      56 |       6 |   9.7
            +---------+---------+-------+---------+---------+-------
        D:1 |      39 |       0 |   0.0 |      23 |       0 |   0.0
        D:2 |     123 |      65 |  34.6 |      18 |       6 |  25.0
        D:3 |      28 |       0 |   0.0 |      15 |       0 |   0.0
            +---------+---------+-------+---------+---------+-------
